 Dungeon Crawl Stone Soup version 0.22-a0-305-gd21a89c (webtiles) character file.

1796 tidbits the Covert (level 9, -2/69 HPs)
             Began as a Gnoll Assassin on Mar 29, 2018.
             Was a Follower of Cheibriados.
             Slain by a wyvern (12 damage)
             ... on level 6 of the Dungeon.
             The game lasted 00:17:59 (1338 turns).

tidbits the Covert (Gnoll Assassin)                 Turns: 1338, Time: 00:18:00

Health: -2/69      AC:  6    Str: 16    XL:     9   Next: 9%
Magic:  0/23       EV: 14    Int: 19    God:    Cheibriados [*.....]
Gold:   172        SH:  0    Dex: 16    Spells: 8/15 levels left

rFire    . . .     SeeInvis +   b - +1 whip (elec)
rCold    . . .     Gourm    .   (no shield)
rNeg     . . .     Faith    .   B - +1 leather armour {rPois}
rPois    +         Spirit   +   (no helmet)
rElec    .         Reflect  .   C - +0 cloak
rCorr    .         Harm     .   (no gloves)
MR       .....                  F - +0 pair of boots
Stlth    ++++......             d - amulet of Syopaoz {Spirit rPois Dex-2 SInv}
HPRegen  1.21/turn              L - ring of magical power
MPRegen  0.18/turn              (no ring)

@: regenerating, very slow
A: distributed training, fangs 1, strong nose
a: Bend Time, Renounce Religion


You were on level 6 of the Dungeon.
You worshipped Cheibriados.
Cheibriados was aware of your devotion.
You were not hungry.

You visited 1 branch of the dungeon, and saw 8 of its levels.

You collected 172 gold pieces.

Inventory:

Hand Weapons
 a - a +3 dagger of protection
   (You took it off Dowan on level 5 of the Dungeon)
 b - a +1 whip of electrocution (weapon)
   (You took it off Pikel on level 5 of the Dungeon)
 g - a +0 blowgun
 k - a +2 dagger
 r - a +0 rapier
 v - a +2 dagger of holy wrath
   (You found it on level 4 of the Dungeon)
 x - a +0 long sword of electrocution
   (You found it on level 5 of the Dungeon)
 y - a +0 dagger of freezing
   (You found it on level 5 of the Dungeon)
 G - the +0 war axe of Wisdom {flame, -Tele rElec Dex+3 SInv}
   (You took it off an orc on level 4 of the Dungeon)

   It has been specially enchanted to burn those struck by it, causing extra
   injury to most foes and up to half again as much damage against particularly
   susceptible opponents.
   Big, fiery blades are also staple armaments of hydra-hunters.
   It affects your dexterity (+3).
   It insulates you from electricity.
   It lets you see invisible.
   It prevents most forms of teleportation.
Missiles
 e - 39 poisoned needles
 f - a curare-tipped needle
 n - 6 tomahawks (quivered)
 E - 21 arrows
 K - 19 stones
Armour
 s - a +0 robe
 w - a +1 robe of the Archmagi
   (You took it off Blork the orc on level 5 of the Dungeon)
 B - a +1 leather armour of poison resistance (worn)
   (You took it off Eustachio on level 5 of the Dungeon)
 C - a +0 cloak (worn)
 F - a +0 pair of boots (worn)
Jewellery
 d - the amulet of Syopaoz (around neck) {Spirit rPois Dex-2 SInv}
   (You found it on level 5 of the Dungeon)

   [amulet of guardian spirit]

   It causes incoming damage to be split between your health and magic.
   It affects your dexterity (-2).
   It protects you from poison.
   It lets you see invisible.
 H - a +2 amulet of reflection
   (You took it off an orc on level 4 of the Dungeon)
 J - an uncursed ring of ice
   (You found it on level 7 of the Dungeon)
 L - a ring of magical power (left hand)
   (You found it on level 7 of the Dungeon)
Wands
 l - a wand of random effects (15)
 p - a wand of enslavement (7)
Scrolls
 h - a scroll of noise {unknown}
 j - 2 scrolls of identify {unknown}
 o - a scroll of enchant weapon {unknown}
 q - a scroll of fog
 z - 2 scrolls of remove curse
 D - a scroll of immolation {unknown}
Potions
 i - a potion of magic {unknown}
 m - a potion of haste {unknown}
 t - 2 potions of curing
 u - a potion of brilliance {unknown}
 A - 2 potions of heal wounds {unknown}
 I - a potion of degeneration {unknown}
Comestibles
 c - 5 rations


   Skills:
 + Level 6.0 Fighting
 + Level 6.0 Short Blades
 + Level 3.8 Long Blades
 + Level 3.8 Axes
 + Level 3.8 Maces & Flails
 + Level 3.8 Polearms
 + Level 3.8 Staves
 + Level 3.8 Slings
 + Level 3.8 Bows
 + Level 3.8 Crossbows
 + Level 6.0 Throwing
 + Level 3.8 Armour
 + Level 4.6 Dodging
 + Level 8.7 Stealth
 + Level 3.8 Shields
 + Level 3.8 Unarmed Combat
 + Level 3.8 Spellcasting
 + Level 3.1 Conjurations
 + Level 3.1 Hexes
 + Level 3.1 Charms
 + Level 3.1 Summonings
 + Level 3.1 Necromancy
 + Level 3.1 Translocations
 + Level 3.1 Transmutations
 + Level 3.1 Fire Magic
 + Level 3.1 Ice Magic
 + Level 3.1 Air Magic
 + Level 3.1 Earth Magic
 + Level 3.1 Poison Magic
 + Level 4.2 Invocations
 + Level 3.8 Evocations


You had 8 spell levels left.
You knew the following spells:

 Your Spells              Type           Power        Failure   Level  Hunger
a - Sandblast             Erth           ###...       4%          1    None
n - Animate Skeleton      Necr           N/A          4%          1    None
p - Passwall              Tmut/Erth      ###.......   7%          2    ##.....
r - Regeneration          Chrm/Necr      ###.......   14%         3    ###....


Dungeon Overview and Level Annotations

Branches:
Dungeon (8/15)
 Temple: D:4-7         Lair: D:8-11

Altars:
Cheibriados
Dithmenos
Nemelex Xobeh
Trog

Annotations:
D:3 CasualChangeling's ghost, amateur DrCj


Innate Abilities, Weirdness & Mutations

Your experience applies equally to all skills.
You have very sharp teeth.
Your uncanny sense of smell can sniff out nearby items.


Message History

c - 5 rations (gained 1)
Things that are here:
a flail; a gnoll skeleton Unknown command.
Unknown command.
Unknown command.
There is an escape hatch in the ceiling here.
A mysterious force pulls you upwards. The hatch slams shut behind you.
Unknown command.
A ball python comes into view.
The ball python hisses angrily.
Found 15 gold pieces.
Unknown command.
Found a chain mail.
You hit the ball python.
Lightning courses through the ball python!
You kill the ball python!
Cheibriados thoroughly appreciates the change of pace.
Found 18 gold pieces.
You see here 15 gold pieces.
You now have 154 gold pieces (gained 15).
You see here 18 gold pieces.
You now have 172 gold pieces (gained 18).
Found a sedimented purple potion.
Found an escape hatch in the ceiling.
An ice beast comes into view.
The ice beast hits you. The ice beast freezes you. The ice beast hits you.
The ice beast freezes you!
Casting: Regeneration (safe; 14% risk of failure)
Confirm with . or Enter, or press ? or * to list all spells.
Your skin crawls.
The ice beast hits you but does no damage.
The flow of time bends around you.
Cheibriados rebukes the ice beast.
The ice beast seems to slow down.
You feel slightly more hungry. The ice beast hits you.
The ice beast freezes you!
You hit the ice beast.
The ice beast is lightly wounded.
You completely miss the ice beast.
The ice beast is lightly wounded.
The ice beast closely misses you.
You hit the ice beast.
The ice beast is lightly wounded.
Your skin is crawling a little less now.
You hit the ice beast but do no damage.
Lightning courses through the ice beast!
The ice beast is severely wounded.
The ice beast completely misses you.
You barely miss the ice beast.
You bite the ice beast, but do no damage.
The ice beast is severely wounded.
The ice beast hits you. The ice beast freezes you!
You hit the ice beast but do no damage.
The ice beast is severely wounded.
You barely miss the ice beast.
The ice beast is severely wounded.
The ice beast hits you. The ice beast freezes you!
* * * LOW HITPOINT WARNING * * *
You hit the ice beast but do no damage.
Lightning courses through the ice beast!
You kill the ice beast!
Your skin stops crawling.
Casting: Regeneration (safe; 14% risk of failure)
Confirm with . or Enter, or press ? or * to list all spells.
Your skin crawls.
Your skin is crawling a little less now.
You see here a sedimented purple potion.
A - 2 sedimented purple potions (gained 1)
Your skin stops crawling.
There is an escape hatch in the ceiling here.
Unknown command.
Found 9 gold pieces.
Wield which item (- for none, * to show all)? (? for menu, Esc to quit)
Your +1 whip of electrocution stops crackling.
g - a +0 blowgun (weapon)
Firing (i - inventory. (/) - cycle)
f - 2 curare-tipped needles (quivered)
Press: ? - help, Shift-Dir - straight line, f - wyvern
Aim: a wyvern You shoot a curare-tipped needle.
The curare-tipped needle hits the wyvern.
The wyvern is poisoned.
The wyvern convulses.
The wyvern seems to slow down.
The wyvern is moderately wounded.
The wyvern completely misses you.
Wield which item (- for none, * to show all)? (? for menu, Esc to quit)
You hear the crackle of electricity.
b - a +1 whip of electrocution (weapon)
Casting: Regeneration (safe; 14% risk of failure)
Confirm with . or Enter, or press ? or * to list all spells.
Your skin crawls.
The wyvern bites you!
You barely miss the wyvern.
The wyvern is moderately wounded.
The wyvern bites you!
* * * LOW HITPOINT WARNING * * *
You closely miss the wyvern.
The wyvern is heavily wounded.
The wyvern bites you!
* * * LOW HITPOINT WARNING * * *
You closely miss the wyvern.
The wyvern is heavily wounded.
The wyvern bites you!
You die...

..#####......#.#.##....##........
.............................<...
.##.###.##.###.#.##.#####..####.#
.# .# .........#.#####..# #.. ...
. ................# #.. .##. #
............#........# .# #
..###.#...###.#...####.. .>
...........##.#..... ... ###
.###.#@l.###.#..l####..
..................# #.#
.......$..........#
...##.#.#.###.##..# .. #.#.#..
.... ........ # ## #.##### .# #.#
..#


You could see a wyvern.

Vanquished Creatures
  Pikel (D:5)
  Grinder (D:5)
  Eustachio (D:5)
  Blork the orc (D:5)
  Duvessa (D:5)
  An orc warrior (D:7)
  An ice beast (D:6)
  3 slaves (D:5)
  A sky beast (D:7)
  2 bullfrogs (D:6)
  A scorpion (D:6)
  A howler monkey (D:7)
  A crimson imp (D:7)
  A hound (D:6)
  3 orc priests
  An iguana (D:7)
  2 worker ants
  An adder (D:4)
  2 gnolls (D:7)
  3 shadow imps
  3 leopard geckos
  9 orcs
  A giant cockroach (D:4)
  A goblin (D:2)
  A kobold (D:3)
  3 quokkas
  A ball python (D:6)
  2 bats (D:3)
50 creatures vanquished.

Vanquished Creatures (collateral kills)
  Dowan (D:5)
  A worker ant (D:7)
  A shadow imp (D:5)
  2 orcs (D:7)
5 creatures vanquished.

Vanquished Creatures (others)
  An orc (D:7)
1 creature vanquished.

Grand Total: 56 creatures vanquished

Notes
Turn   | Place    | Note
-------+----------+-------------------------------------------
     0 | D:1      | tidbits the Gnoll Assassin began the quest for the Orb.
     0 | D:1      | Reached XP level 1. HP: 20/20 MP: 1/1
    22 | D:3      | Noticed CasualChangeling's ghost (amateur DrCj)
    76 | D:3      | Reached XP level 2. HP: 26/26 MP: 2/2
   219 | D:5      | Entered Level 5 of the Dungeon
   229 | D:5      | Reached XP level 3. HP: 23/31 MP: 3/3
   233 | D:5      | Reached skill level 1 in Invocations
   245 | D:5      | Noticed Grinder
   257 | D:5      | Got a glittering lead amulet
   258 | D:5      | Identified the amulet of Syopaoz {Spirit rPois Dex-2 SInv} (You found it on level 5 of the Dungeon)
   267 | D:5      | Noticed a slave
   267 | D:5      | Noticed a slave
   269 | D:5      | Noticed a slave
   269 | D:5      | Noticed a slave
   270 | D:5      | Noticed Pikel
   271 | D:5      | Killed a slave
   272 | D:5      | Killed a slave
   273 | D:5      | Killed a slave
   275 | D:5      | Killed Pikel
   275 | D:5      | Reached skill level 5 in Fighting
   275 | D:5      | Reached skill level 5 in Short Blades
   275 | D:5      | Reached skill level 2 in Long Blades
   275 | D:5      | Reached skill level 2 in Axes
   275 | D:5      | Reached skill level 2 in Maces & Flails
   275 | D:5      | Reached skill level 2 in Polearms
   275 | D:5      | Reached skill level 2 in Staves
   275 | D:5      | Reached skill level 2 in Slings
   275 | D:5      | Reached skill level 2 in Bows
   275 | D:5      | Reached skill level 2 in Crossbows
   275 | D:5      | Reached skill level 5 in Throwing
   275 | D:5      | Reached skill level 2 in Armour
   275 | D:5      | Reached skill level 3 in Dodging
   275 | D:5      | Reached skill level 8 in Stealth
   275 | D:5      | Reached skill level 2 in Shields
   275 | D:5      | Reached skill level 2 in Unarmed Combat
   275 | D:5      | Reached skill level 2 in Spellcasting
   275 | D:5      | Reached skill level 1 in Conjurations
   275 | D:5      | Reached skill level 1 in Hexes
   275 | D:5      | Reached skill level 1 in Charms
   275 | D:5      | Reached skill level 1 in Summonings
   275 | D:5      | Reached skill level 1 in Necromancy
   275 | D:5      | Reached skill level 1 in Translocations
   275 | D:5      | Reached skill level 1 in Transmutations
   275 | D:5      | Reached skill level 1 in Fire Magic
   275 | D:5      | Reached skill level 1 in Ice Magic
   275 | D:5      | Reached skill level 1 in Air Magic
   275 | D:5      | Reached skill level 1 in Earth Magic
   275 | D:5      | Reached skill level 1 in Poison Magic
   275 | D:5      | Reached skill level 2 in Invocations
   275 | D:5      | Reached skill level 2 in Evocations
   275 | D:5      | Reached XP level 4. HP: 24/39 MP: 1/7
   275 | D:5      | Reached XP level 5. HP: 28/44 MP: 1/8
   275 | D:5      | Reached XP level 6. HP: 32/51 MP: 1/9
   275 | D:5      | Reached XP level 7. HP: 35/56 MP: 1/10
   311 | D:5      | Found a shadowy altar of Dithmenos.
   312 | D:5      | Noticed Eustachio
   318 | D:5      | Killed Eustachio
   318 | D:5      | Reached skill level 2 in Conjurations
   318 | D:5      | Reached skill level 2 in Hexes
   318 | D:5      | Reached skill level 2 in Charms
   318 | D:5      | Reached skill level 2 in Summonings
   318 | D:5      | Reached skill level 2 in Necromancy
   318 | D:5      | Reached skill level 2 in Translocations
   318 | D:5      | Reached skill level 2 in Transmutations
   318 | D:5      | Reached skill level 2 in Fire Magic
   318 | D:5      | Reached skill level 2 in Ice Magic
   318 | D:5      | Reached skill level 2 in Air Magic
   318 | D:5      | Reached skill level 2 in Earth Magic
   318 | D:5      | Reached skill level 2 in Poison Magic
   341 | D:5      | Noticed Dowan
   346 | D:5      | Noticed Duvessa
   351 | D:5      | Noticed Blork the orc
   376 | D:5      | Killed Duvessa
   386 | D:5      | Killed Dowan
   386 | D:5      | Reached skill level 3 in Invocations
   394 | D:5      | Killed Grinder
   394 | D:5      | Reached skill level 4 in Dodging
   394 | D:5      | Reached XP level 8. HP: 17/63 MP: 4/12
   410 | D:5      | Killed Blork the orc
   410 | D:5      | Reached skill level 3 in Long Blades
   410 | D:5      | Reached skill level 3 in Axes
   410 | D:5      | Reached skill level 3 in Maces & Flails
   410 | D:5      | Reached skill level 3 in Polearms
   410 | D:5      | Reached skill level 3 in Staves
   410 | D:5      | Reached skill level 3 in Slings
   410 | D:5      | Reached skill level 3 in Bows
   410 | D:5      | Reached skill level 3 in Crossbows
   410 | D:5      | Reached skill level 3 in Armour
   410 | D:5      | Reached skill level 3 in Shields
   410 | D:5      | Reached skill level 3 in Unarmed Combat
   410 | D:5      | Reached skill level 3 in Spellcasting
   410 | D:5      | Reached skill level 3 in Evocations
   489 | D:6      | Found a sparkling altar of Nemelex Xobeh.
   649 | D:4      | Found a snail-covered altar of Cheibriados.
   660 | D:4      | Became a worshipper of Cheibriados the Contemplative
   693 | D:4      | Found a bloodstained altar of Trog.
   716 | D:4      | Got a scorched war axe {flame}
   778 | D:5      | Identified the cursed +0 war axe of Wisdom {flame, -Tele rElec Dex+3 SInv} (You took it off an orc on level 4 of the Dungeon)
   794 | D:6      | Learned a level 3 spell: Regeneration
   836 | D:6      | Noticed a wyvern
   885 | D:7      | Learned a level 2 spell: Passwall
   887 | D:7      | Learned a level 1 spell: Animate Skeleton
  1119 | D:7      | Learned a level 1 spell: Sandblast
  1170 | D:7      | Reached * piety under Cheibriados
  1202 | D:7      | Reached skill level 4 in Invocations
  1245 | D:7      | Reached skill level 3 in Conjurations
  1245 | D:7      | Reached skill level 3 in Hexes
  1245 | D:7      | Reached skill level 3 in Charms
  1245 | D:7      | Reached skill level 3 in Summonings
  1245 | D:7      | Reached skill level 3 in Necromancy
  1245 | D:7      | Reached skill level 3 in Translocations
  1245 | D:7      | Reached skill level 3 in Transmutations
  1245 | D:7      | Reached skill level 3 in Fire Magic
  1245 | D:7      | Reached skill level 3 in Ice Magic
  1245 | D:7      | Reached skill level 3 in Air Magic
  1245 | D:7      | Reached skill level 3 in Earth Magic
  1245 | D:7      | Reached skill level 3 in Poison Magic
  1245 | D:7      | Reached XP level 9. HP: 59/69 MP: 1/14
  1249 | D:7      | Reached skill level 6 in Fighting
  1249 | D:7      | Reached skill level 6 in Short Blades
  1249 | D:7      | Reached skill level 6 in Throwing
  1338 | D:6      | Slain by a wyvern

Vault maps used:
D:1:      lemuel_arrival_river_ford
D:2:      first_ration, uniq_robin, uniq_crazy_yiuf_cottage
D:3:      minitemple, old_standard_altar
D:4:      kennysheep_big_flooded_room, cheibriados_altar_1,
          lightli_temple_of_fire, st_stairs_4
D:5:      nicolae_dithmenos_shadow_blocks, serial_glass, glass_columns_b,
          glass_columns_a, uniq_prince_ribbit1, uniq_grinder, uniq_duvessa,
          uniq_pikel, uniq_eustachio, uniq_blork_the_orc
D:6:      lemuel_doored_altar, lemuel_blue_sif_altar, minmay_temple_entry_fiery
D:7:      kennysheep_ying_yang
D:8:      uniq_maurice

Skill      XL: |  1  2  3  4  5  6  7  8  9 |
---------------+----------------------------+-----
Invocations    | 2 3 4 |  4.2
Fighting       | 5 6 |  6.0
Short Blades   | 5 6 |  6.0
Long Blades    | 2 3 |  3.8
Axes           | 2 3 |  3.8
Maces & Flails | 2 3 |  3.8
Polearms       | 2 3 |  3.8
Staves         | 2 3 |  3.8
Slings         | 2 3 |  3.8
Bows           | 2 3 |  3.8
Crossbows      | 2 3 |  3.8
Throwing       | 5 6 |  6.0
Armour         | 2 3 |  3.8
Dodging        | 3 4 |  4.6
Stealth        | 8 |  8.7
Shields        | 2 3 |  3.8
Unarmed Combat | 2 3 |  3.8
Spellcasting   | 2 3 |  3.8
Conjurations   | 1 2 3 |  3.1
Hexes          | 1 2 3 |  3.1
Charms         | 1 2 3 |  3.1
Summonings     | 1 2 3 |  3.1
Necromancy     | 1 2 3 |  3.1
Translocations | 1 2 3 |  3.1
Transmutations | 1 2 3 |  3.1
Fire Magic     | 1 2 3 |  3.1
Ice Magic      | 1 2 3 |  3.1
Air Magic      | 1 2 3 |  3.1
Earth Magic    | 1 2 3 |  3.1
Poison Magic   | 1 2 3 |  3.1
Evocations     | 2 3 |  3.8

Action                   |  1- 3 |  4- 6 |  7- 9 || total
-------------------------+-------+-------+-------++-------
Melee: Dagger            |    16 |       |    36 ||    52
       Bite              |     2 |       |    19 ||    21
       Whip              |       |       |   122 ||   122
       Punch             |       |       |     5 ||     5
 Fire: Blowgun           |     2 |       |     7 ||     9
Throw: Tomahawk          |       |       |     7 ||     7
 Cast: Regeneration      |       |       |    10 ||    10
       Passwall          |       |       |     1 ||     1
Invok: Bend Time         |       |       |     1 ||     1
Evoke: Wand              |     3 |       |     9 ||    12
  Use: Potion            |       |       |     1 ||     1
       Scroll            |       |       |     2 ||     2
 Stab: Sleeping          |     7 |       |     8 ||    15
       Confused          |       |       |     1 ||     1
       Distracted        |       |       |     1 ||     1
  Eat: Ration            |       |       |     1 ||     1
Armor: Robe              |     4 |       |       ||     4
       Leather armour    |       |       |    24 ||    24
Dodge: Dodged            |     7 |       |    70 ||    77
Block: Other             |       |       |     7 ||     7

Table legend:
 A = Spawn XP
 B = Non-spawn XP
 C = Spawn XP percentage of total XP
 D = Spawn monster count
 E = Non-spawn monster count
 F = Spawn count percentage of total count
 G = Total turns spent on level
                    A         B        C        D         E        F      G
               +---------+---------+-------+---------+---------+-------+---------
         Total |       0 |    2567 |   0.0 |       0 |      52 |   0.0 |  1338
               +---------+---------+-------+---------+---------+-------+---------
           D:2 |       0 |       2 |   0.0 |       0 |       1 |   0.0 |    23
           D:3 |       0 |       8 |   0.0 |       0 |       4 |   0.0 |    45
           D:4 |       0 |      66 |   0.0 |       0 |       6 |   0.0 |   368
           D:5 |       0 |    1468 |   0.0 |       0 |       9 |   0.0 |   289
           D:6 |       0 |     424 |   0.0 |       0 |       7 |   0.0 |   201
           D:7 |       0 |     555 |   0.0 |       0 |      23 |   0.0 |   364
           D:8 |       0 |      44 |   0.0 |       0 |       2 |   0.0 |    38
               +---------+---------+-------+---------+---------+-------+---------

Table legend:
 A = Turns spent in this place as a percentage of turns spent in the entire game.
 B = Non-inter-level travel turns spent in this place as a percentage of non-inter-level travel turns spent in the entire game.
 C = Inter-level travel turns spent in this place as a percentage of turns spent in this place.
 D = Turns resting spent in this place as a percentage of non-inter-level travel turns spent in this place.
 E = Turns spent auto-exploring this place as a percentage of non-inter-level travel turns spent in this place.
 F = Non-inter-level travel turns spent in this place divided by the number of levels of this place that you've seen.
                   A       B       C       D       E      F
               +-------+-------+-------+-------+-------+----------------------
         Total | 100.0 | 100.0 |   1.1 |   0.0 |   0.0 | 165.4
       Dungeon | 100.0 | 100.0 |   1.1 |   0.0 |   0.0 | 165.4
               +-------+-------+-------+-------+-------+----------------------

Table legend:
 A = Kills in this place as a percentage of kills in entire the game.
 B = Kills by you in this place as a percentage of kills by you in the entire game.
 C = Kills by friends in this place as a percentage of kills by friends in the entire game.
 D = Other kills in this place as a percentage of other kills in the entire game.
 E = Experience gained in this place as a percentage of experience gained in the entire game.
 F = Experience gained in this place divided by the number of levels of this place that you have seen.
                   A       B       C       D       E      F
               +-------+-------+-------+-------+-------+----------------------
         Total | 100.0 | 100.0 | 100.0 |   N/A | 100.0 | 320.9
       Dungeon | 100.0 | 100.0 | 100.0 |   N/A | 100.0 | 320.9
               +-------+-------+-------+-------+-------+----------------------

Vault maps used:
D:1:      lemuel_arrival_river_ford
D:2:      first_ration, uniq_robin, uniq_crazy_yiuf_cottage
D:3:      minitemple, old_standard_altar
D:4:      kennysheep_big_flooded_room, cheibriados_altar_1,
          lightli_temple_of_fire, st_stairs_4
D:5:      nicolae_dithmenos_shadow_blocks, serial_glass, glass_columns_b,
          glass_columns_a, uniq_prince_ribbit1, uniq_grinder, uniq_duvessa,
          uniq_pikel, uniq_eustachio, uniq_blork_the_orc
D:6:      lemuel_doored_altar, lemuel_blue_sif_altar, minmay_temple_entry_fiery
D:7:      kennysheep_ying_yang
D:8:      uniq_maurice
